 Dungeon Crawl Stone Soup version 0.30-a0-373-gd37427bb62 (webtiles) character file.

Game seed: 16189926781251450343

511 KennySheep the Changer (level 6, -1/41 (47) HPs)
             Began as a Demigod Transmuter on Nov 23, 2022.
             Slain by an iguana (6 damage)
             ... on level 5 of the Dungeon.
             The game lasted 00:15:43 (4616 turns).

KennySheep the Changer (Demigod Transmuter)         Turns: 4616, Time: 00:15:43

HP:   -1/41 (47)    AC:  2    Str: 19    XL:     6   Next: 66%
MP:   10/12         EV: 19    Int: 21    God:
Gold: 241           SH:  0    Dex: 19    Spells: 3/9 levels left

rFire   . . .      SeeInvis .      - Unarmed
rCold   . . .      Faith    .    (shield currently unavailable)
rNeg    . . .      Spirit   .    (body armour currently unavailable)
rPois   x          Reflect  .    (helmet currently unavailable)
rElec   .          Harm     .    (cloak currently unavailable)
rCorr   .          Rampage  .    (gloves currently unavailable)
Will    .....                    (boots currently unavailable)
Stlth   ++........               (no amulet)
HPRegen 0.26/turn                d - +6 ring of intelligence
MPRegen 0.13/turn                u - ring of flight

@: spider-form, flying, heavily drained
A: venomous fangs, tiny, high MP 1, forlorn, divine attributes
a: End Transformation


You were on level 5 of the Dungeon.
You were a venomous arachnid creature.
You visited 1 branch of the dungeon, and saw 5 of its levels.

You collected 271 gold pieces.
You spent 30 gold pieces at shops.

Inventory:

Hand Weapons
 k - the +2 dagger of Conscience (melded) {freeze, rC+}
   (You found it on level 2 of the Dungeon)

   It freezes those it strikes, dealing additional cold damage.
   It can also slow down cold-blooded creatures.
   rC:        It protects you from cold.
Missiles
 p - 3 javelins
Armour
 a - a +0 robe (melded)
 n - a +0 pair of gloves (melded)
Jewellery
 d - a +6 ring of intelligence (left front leg)
 u - a ring of flight (right front leg)
Wands
 q - a wand of iceblast (10)
Scrolls
 c - a scroll of teleportation
 g - 2 scrolls of noise {unknown}
 h - a scroll of fear {unknown}
 j - a scroll of summoning {unknown}
 l - 3 scrolls of identify {unknown}
 o - a scroll of blinking
 s - a scroll of magic mapping {unknown}
 w - a scroll of enchant armour {unknown}
Potions
 b - 2 potions of lignification
 e - a potion of degeneration
 f - 5 potions of curing
 i - a potion of resistance {unknown}
 m - 2 potions of might {unknown}
 r - a potion of heal wounds {unknown}
 t - a potion of magic {unknown}
 v - a potion of attraction {unknown}


   Skills:
 + Level 1.4 Fighting
 + Level 2.1 Dodging
 + Level 3.8 Unarmed Combat
 + Level 2.0 Spellcasting
 * Level 4.2 Transmutations
 * Level 1.6 Ice Magic
 - Level 3.3 Poison Magic


You had 3 spell levels left.
You knew the following spells:

 Your Spells              Type           Power      Damage    Failure   Level
a - Beastly Appendage     Tmut           40%        N/A       10%         1
b - Wereblood             Tmut           20%        N/A       12%         2
z - Spider Form           Tmut/Pois      18%        N/A       24%         3

Your spell library contained the following spells:

 Spells                   Type           Power      Damage    Failure   Level
 Ozocubu's Armour         Ice            8%         N/A       43%         3
 Ice Form                 Ice/Tmut       14%        N/A       63%         4
 Ozocubu's Refrigeration  Ice            4%         4d8       100%        7


Dungeon Overview and Level Annotations

Branches:
Dungeon (5/15)             Temple (0/1) D:5

Shops:
D:1 *

Annotations:
D:5 Edmund


Innate Abilities, Weirdness & Mutations

You are a venomous arachnid creature.
You have poisonous fangs.
You are tiny and dextrous.
Your spellcasting is less reliable in this form.
Your armour is entirely melded.
You are incapable of wielding weapons or throwing items.
You have an increased reservoir of magic. (+10% MP)
You shall have no god before yourself.
Your divine heritage dramatically boosts your attributes as you level up.


Message History

Edmund is nearby!
Casting: Spider Form (dangerous; 10% risk of failure)
Confirm with . or Enter, or press ? or * to list all spells.
You turn into a venomous arachnid creature.
The +2 dagger of Conscience {freeze, rC+} melds into your body.
Your +0 pair of gloves melds into your body.
Your +0 robe melds into your body.
The +2 dagger of Conscience {freeze, rC+} stops glowing.
Aiming: Iceblast
Press: ? - help, Shift-Dir - straight line, f - Edmund
Aim: Edmund, wielding a +7 flail of draining and wearing a +4 ring mail of poison resistance The mass of ice explodes!
The iceblast engulfs Edmund!
Edmund is lightly wounded.
You hear an angry hiss.
You hit Edmund.
Edmund is moderately wounded.
Edmund hits you with a +7 flail of draining!
You feel drained.
You hit Edmund but do no damage.
Edmund is moderately wounded.
Edmund barely misses you.
You bite Edmund!
Edmund is heavily wounded.
An iguana comes into view.
Edmund hits you with a +7 flail of draining!
You feel drained.
You bite Edmund!
Edmund is severely wounded.
Edmund misses you.
You hit Edmund but do no damage.
Edmund is severely wounded.
The iguana barely misses you.
Edmund hits you with a +7 flail of draining!
* * * LOW HITPOINT WARNING * * *
You feel drained.
* * * LOW HITPOINT WARNING * * *
The iguana misses you. Edmund attacks as you move away!
Edmund barely misses you. The iguana attacks as you move away!
The iguana bites you.
You die...

##.#####...#
#.#####.##########
#....##.#.........
####.#..#.########
#.#.##.#.......
#.#........# #
#.####.#.#.###.#
#......#.#.....#
########.sl@#
####.# #.# #.# #.#
#.# #.. #.# ###


You could see Edmund and an iguana.

Vanquished Creatures
  A phantom (D:5)
  Blork the orc (D:4)
  2 scorpions (D:5)
  A jelly (D:5)
  7 adders
  4 gnolls (D:4)
  A white imp (D:5)
  An ufetubus (D:4)
  3 dart slugs
  6 orcs
  12 ball pythons
  7 endoplasms
  2 giant cockroaches
  7 goblins
  17 hobgoblins
  6 jackals (D:5)
  2 quokkas
  5 bats
  4 frilled lizards
  5 kobolds
  8 rats
102 creatures vanquished.

Notes
Turn   | Place    | Note
-------+----------+-------------------------------------------
     0 | D:1      | KennySheep the Demigod Transmuter began the quest for the
                  | Orb.
     0 | D:1      | Reached XP level 1. HP: 15/15 MP: 5/5
   120 | D:1      | Reached skill level 2 in Transmutations
   189 | D:1      | Found Vaowk's General Store.
   197 | D:1      | Bought a scroll of teleportation for 30 gold pieces
   296 | D:1      | Reached XP level 2. HP: 22/22 MP: 5/7
   299 | D:1      | Learned a level 2 spell: Wereblood
   387 | D:1      | Reached skill level 1 in Poison Magic
  1123 | D:2      | Reached XP level 3. HP: 21/27 MP: 6/8
  1463 | D:2      | Identified the +2 dagger of Conscience {freeze, rC+}
  1948 | D:2      | Reached XP level 4. HP: 21/34 MP: 7/9
  1952 | D:2      | Learned a level 3 spell: Spider Form
  2338 | D:3      | Reached skill level 3 in Transmutations
  3507 | D:4      | Reached XP level 5. HP: 39/39 MP: 6/10
  3665 | D:4      | Noticed Blork the orc
  3680 | D:4      | Killed Blork the orc
  3982 | D:5      | Entered Level 5 of the Dungeon
  4064 | D:5      | Found a staircase to the Ecumenical Temple.
  4069 | D:5      | Noticed Edmund
  4275 | D:5      | Reached skill level 1 in Fighting
  4275 | D:5      | Reached XP level 6. HP: 19/47 MP: 11/11
  4402 | D:5      | Reached skill level 4 in Transmutations
  4402 | D:5      | Reached skill level 1 in Ice Magic
  4616 | D:5      | Slain by an iguana

Illustrated notes

Levels and vault maps discovered:
D:1:      lemuel_arrival_cross, layout_basic, serial_shops, shop,
          minmay_tetromino_i2
D:2:      layout_basic, nicolae_ecumenical_snake_handling
D:3:      layout_basic
D:4:      layout_cave_pools, uniq_blork_the_orc
D:5:      layout_basic, minmay_temple_entry_trees, uniq_edmund, uniq_duvessa,
          uniq_pikel

Skill      XL: |  1  2  3  4  5  6 |
---------------+-------------------+-----
Transmutations | 2 3 4 |  4.2
Poison Magic   | 1 2 3 |  3.3
Unarmed Combat | 3 |  3.8
Fighting       | 1 |  1.4
Ice Magic      | 1 |  1.6
Dodging        | 2 |  2.1
Spellcasting   | 2 |  2.0

Action                   |  1- 3 |  4- 6 || total
-------------------------+-------+-------++-------
Melee: Unarmed           |   110 |    30 ||   140
       Kick              |    26 |    19 ||    45
       Punch             |     4 |     2 ||     6
       Headbutt          |    10 |    19 ||    29
       Dagger            |    26 |   128 ||   154
 Cast: Beastly Appendage |    29 |    19 ||    48
       Wereblood         |       |     3 ||     3
       Spider Form       |       |     4 ||     4
Evoke: Wand              |       |     1 ||     1
  Use: Potion            |     1 |     3 ||     4
       Scroll            |       |     1 ||     1
 Stab: Sleeping          |     2 |     2 ||     4
Armor: Robe              |    33 |    14 ||    47
       Skin              |       |     1 ||     1
Dodge: Dodged            |   100 |   106 ||   206

Table legend: (Time is in decaauts)
 A = Elapsed time spent in this place.
 B = Non-inter-level travel time spent in this place.
 C = Inter-level travel time spent in this place.
 D = Time resting spent in this place.
 E = Time spent auto-exploring this place.
 F = Levels seen in this place.
 G = Mean time per level.
                   A        B        C        D        E       F      G
               +--------+--------+--------+--------+--------+-----+--------+
         Total |   4607 |   4425 |    182 |    613 |   2938 |   5 |  921.4 |
       Dungeon |   4607 |   4425 |    182 |    613 |   2938 |   5 |  921.4 |
               +--------+--------+--------+--------+--------+-----+--------+

Top non-repeatable levels by time:
     D:2: 1167 daAuts
     D:1: 1023 daAuts
     D:3: 977 daAuts
     D:4: 943 daAuts
     D:5: 496 daAuts
